 Dungeon Crawl Stone Soup version 0.30-a0-358-g0d69a1922f (webtiles) character file.

Game seed: 4615272115372463966

191 KennySheep the Cutter (level 6, 0/43 HPs)
             Began as a Formicid Wanderer on Nov 9, 2022.
             Was a Priest of Cheibriados.
             Slain by a gnoll sergeant
             ... wielding a +2 vorpal trident
              (1 damage)
             ... on level 4 of the Dungeon.
             The game lasted 00:09:26 (2214 turns).

KennySheep the Cutter (Formicid Wanderer)           Turns: 2214, Time: 00:09:27

Health: 0/43       AC:  4    Str: 25    XL:     6   Next: 2%
Magic:  7/7        EV: 10    Int: 16    God:    Cheibriados [***...]
Gold:   132        SH:  6    Dex: 23    Spells: 5/5 levels left

rFire   . . .      SeeInvis +    a - +2 dagger (elec)
rCold   . . .      Faith    .    r - +0 buckler
rNeg    . . .      Spirit   .    g - +0 leather armour
rPois   .          Reflect  .    (helmet unavailable)
rElec   .          Harm     .    (no cloak)
rCorr   .          Rampage  .    p - +0 pair of gloves
Will    .....                    (no boots)
Stlth   +++.......               (no amulet)
HPRegen 0.27/turn                (no ring)
MPRegen 0.10/turn                (no ring)

@: very slow
A: permanent stasis, dig shafts and tunnels, antennae 3, four strong arms
a: Dig, Shaft Self, Renounce Religion, Bend Time, Temporal Distortion


You were on level 4 of the Dungeon.
You worshipped Cheibriados.
Cheibriados was most pleased with you.
You visited 1 branch of the dungeon, and saw 4 of its levels.

You collected 132 gold pieces.

Inventory:

Hand Weapons
 a - a +2 dagger of electrocution (weapon)
 o - a +0 rapier
Missiles
 d - 9 poisoned darts (quivered)
Armour
 g - a +0 leather armour (worn)
 p - a +0 pair of gloves (worn)
 q - a scarf of harm
 r - a +0 buckler (worn)
Jewellery
 n - a ring of fire
Scrolls
 b - a scroll of fear
 f - a scroll of summoning
 h - a scroll of enchant weapon {unknown}
 j - a scroll of silence {unknown}
 k - a scroll of enchant armour {unknown}
 l - a scroll of vulnerability
 m - a scroll of poison {unknown}
 t - a scroll of immolation {unknown}
 v - a scroll of identify {unknown}
 w - a scroll of noise {unknown}
 x - a scroll of blinking {unknown}
 y - a scroll of butterflies {unknown}
Potions
 c - 2 potions of heal wounds
 e - 2 potions of curing {unknown}
 i - a potion of haste {unknown}
 s - 2 potions of degeneration {unknown}
 u - a potion of mutation {unknown}
 z - a potion of attraction {unknown}


   Skills:
 + Level 1.6 Fighting
 * Level 4.8 Short Blades
 + Level 2.0 Throwing
 - Level 1.4 Armour
 * Level 3.3 Stealth
 * Level 2.4 Shields
 - Level 3.0 Unarmed Combat
 + Level 1.7 Invocations


You had 5 spell levels left.
You didn't know any spells.
Your spell library contained the following spells:

 Spells                   Type           Power      Damage    Failure   Level
 Apportation              Tloc           0%         N/A       34%         1
 Freeze                   Ice            0%         1d3       34%         1
 Frozen Ramparts          Ice            0%         1d1       71%         3
 Hailstorm                Conj/Ice       0%         3d3       71%         3
 Alistair's Intoxication  Tmut/Pois      0%         N/A       100%        5


Dungeon Overview and Level Annotations

Branches:
Dungeon (4/15)
 Temple: D:4-7

Altars:
Cheibriados
Makhleb
Ru
Wu Jian


Innate Abilities, Weirdness & Mutations

You cannot be hasted, slowed, berserked, paralysed or teleported.
You can dig through walls and to a lower floor.
You have a pair of large antennae on your head. (SInv)
Your four strong arms can wield two-handed weapons with a shield.


Message History

You barely miss the goblin.
The goblin is moderately wounded.
The goblin barely misses you.
You hit the goblin.
You kill the goblin!
Cheibriados thoroughly appreciates the change of pace.
You see here a +0 club.
A gnoll comes into view. It is wielding a +0 club.
The gnoll shouts!
You hear a shout! x2
A gnoll comes into view. It is wielding a +0 halberd.
A gnoll comes into view. It is wielding a +0 flail.
The gnoll sergeant shouts!
The gnoll shouts! x2
You see here a scroll of vulnerability.
A dart slug comes into view.
The ball python hisses angrily.
You see here a +0 club.
The ball python attacks as you move away!
You block the ball python's attack. The ball python barely misses you.
The ball python bites you but does no damage.
The ball python barely misses you.
The ball python bites you but does no damage.
The ball python grabs you. The ball python constricts you.
You hit the ball python.
You kill the ball python!
Cheibriados thoroughly appreciates the change of pace.
The gnoll sergeant hits you from afar with a +2 vorpal trident.
Found a dagger.
The gnoll sergeant hits you from afar with a +2 vorpal trident!
The gnoll sergeant barely misses you. You block the gnoll sergeant's attack.
The gnoll sergeant hits you from afar with a +2 vorpal trident!
* * * LOW HITPOINT WARNING * * *
You block the gnoll sergeant's attack. The gnoll hits you with a +0 club!
* * * LOW HITPOINT WARNING * * *
You hit the gnoll.
The gnoll is moderately wounded.
The gnoll hits you but does no damage.
The gnoll sergeant hits you from afar with a +2 vorpal trident.
* * * LOW HITPOINT WARNING * * *
You die...

##...#..... ####
###......#.######
#..###......###......###
....#.........#......#.#
....#.......>.....#....### ###
.............##...#......######..
.............##...##.#....##.#...
..#..........####....###..#......
#...#....##..#gg@......#..#.....#
....#.g.#.#.ggg##..........)...##
.................................
#.....#.....##............)).....
#...###....###...........))).....
....# #)#### ..#................#
....##..## ..###..###..........
....##...# ..# #..##..........#
##..#...## .# #..#.....#.....#


You could see a gnoll sergeant and 4 gnolls.

Vanquished Creatures
  A scorpion (D:3)
  An orc wizard (D:4)
  4 gnolls
  A worm (D:3)
  A dart slug (D:2)
  4 orcs (D:4)
  4 bats
  2 endoplasms
  4 giant cockroaches
  7 goblins
  8 hobgoblins
  A quokka (D:1)
  5 ball pythons
  2 frilled lizards
  6 kobolds
  5 rats
56 creatures vanquished.

Notes
Turn   | Place    | Note
-------+----------+-------------------------------------------
     0 | D:1      | KennySheep the Formicid Wanderer began the quest for the
                  | Orb.
     0 | D:1      | KennySheep set off with the following items: a +0 short
                  | sword, a scroll of fear, a potion of heal wounds, 10
                  | poisoned darts, a +0 dagger, a scroll of summoning, a +0
                  | leather armour.
     0 | D:1      | Reached XP level 1. HP: 13/13 MP: 1/1
   151 | D:1      | Found a faded altar of an unknown god.
   163 | D:1      | Reached XP level 2. HP: 13/19 MP: 2/2
   165 | D:1      | Prayed at the altar of an unknown god.
   165 | D:1      | Became a worshipper of Cheibriados the Contemplative
   165 | D:1      | Reached * piety under Cheibriados
   614 | D:2      | Reached XP level 3. HP: 22/25 MP: 3/3
   634 | D:1      | Reached ** piety under Cheibriados
  1171 | D:2      | Reached skill level 1 in Invocations
  1171 | D:2      | Reached XP level 4. HP: 21/31 MP: 4/4
  1250 | D:3      | Reached skill level 1 in Fighting
  1344 | D:3      | Reached skill level 1 in Shields
  1356 | D:3      | Noticed a scorpion
  1361 | D:3      | Killed a scorpion
  1362 | D:3      | Reached XP level 5. HP: 37/37 MP: 4/6
  1447 | D:3      | Identified the +1 leather armour of a ziggurat {Contam rN+
                  | Int+3}
  1478 | D:3      | Reached *** piety under Cheibriados
  1548 | D:3      | Found an ornate altar of the Wu Jian Council.
  1668 | D:3      | Found a burning altar of Makhleb.
  2167 | D:4      | Found a sacrificial altar of Ru.
  2183 | D:4      | Reached XP level 6. HP: 43/43 MP: 7/7
  2214 | D:4      | HP: 1/43 [gnoll sergeant/+2 vorpal trident (3)]
  2214 | D:4      | Slain by a gnoll sergeant

Illustrated notes

Levels and vault maps discovered:
D:1:      minmay_arrival_stone_box, layout_loops_ring,
          shapermc_ecumenical_altar_venn
D:2:      layout_rooms
D:3:      layout_loops_ring, nicolae_wu_jian_glorious_leap,
          lightli_temple_of_fire, minmay_hedge_maze
D:4:      layout_cave_pools, general_overflow_altar, kennysheep_little_box,
          overflow_temple_1_default, uniq_robin

Skill      XL: |  1  2  3  4  5 |
---------------+----------------+-----
Stealth        | 2 3 |  3.3
Invocations    | 1 |  1.7
Fighting       | 1 |  1.6
Shields        | 1 2 |  2.4
Throwing       | 2 |  2.0
Short Blades   | |  4.8
Armour         | |  1.4
Unarmed Combat | |  3.0

Action                   |  1- 3 |  4- 6 || total
-------------------------+-------+-------++-------
Melee: Short sword       |    74 |       ||    74
       Punch             |     1 |       ||     1
       Rapier            |    24 |    21 ||    45
       Dagger            |       |    49 ||    49
Throw: Dart              |       |     3 ||     3
  Use: Scroll            |     1 |       ||     1
 Stab: Sleeping          |     3 |     3 ||     6
Armor: Leather armour    |    29 |    23 ||    52
Dodge: Dodged            |    50 |    27 ||    77
Block: Buckler           |     5 |    21 ||    26

Table legend: (Time is in decaauts)
 A = Elapsed time spent in this place.
 B = Non-inter-level travel time spent in this place.
 C = Inter-level travel time spent in this place.
 D = Time resting spent in this place.
 E = Time spent auto-exploring this place.
 F = Levels seen in this place.
 G = Mean time per level.
                   A        B        C        D        E       F      G
               +--------+--------+--------+--------+--------+-----+--------+
         Total |   3013 |   2865 |    148 |    110 |   2108 |   4 |  753.2 |
       Dungeon |   3013 |   2865 |    148 |    110 |   2108 |   4 |  753.2 |
               +--------+--------+--------+--------+--------+-----+--------+

Top non-repeatable levels by time:
     D:3: 1226 daAuts
     D:1: 818 daAuts
     D:2: 739 daAuts
     D:4: 229 daAuts
